 Dungeon Crawl Stone Soup version 0.23.0 (webtiles) character file.

Game seed: 14379082518387401342

5119 Murks the Covert (level 10, -5/51 HPs)
             Began as a Vine Stalker Fighter on Feb 19, 2019.
             Was a Follower of Uskayaw.
             Killed from afar by a swamp worm (15 damage)
             ... with a harpoon shot
             ... on level 9 of the Dungeon.
             The game lasted 00:23:57 (7560 turns).

Murks the Covert (Vine Stalker Fighter)             Turns: 7560, Time: 00:23:58

Health: -5/51      AC:  7    Str: 23    XL:     10   Next: 58%
Magic:  0/12       EV:  7    Int:  8    God:    Uskayaw [*.....]
Gold:   661        SH: 10    Dex: 17    Spells: 9/9 levels left

rFire    . . .     SeeInvis .   j - +2 dagger (speed)
rCold    . . .     Gourm    .   c - +0 shield
rNeg     . . .     Faith    .   b - +0 scale mail
rPois    .         Spirit   +   (no helmet)
rElec    .         Reflect  .   (no cloak)
rCorr    +         Harm     .   (no gloves)
MR       +....                  (no boots)
Stlth    +++.......             (no amulet)
HPRegen  0.57/turn              x - +4 ring of strength
MPRegen  0.13/turn              z - ring of resist corrosion

@: no status effects
A: fangs 3, regeneration 1, magic shield, antimagic bite, no potion heal 3, rot
immunity
a: Stomp, Renounce Religion


You were on level 9 of the Dungeon.
You worshipped Uskayaw.
Uskayaw was noncommittal.
You were not hungry.

You visited 2 branches of the dungeon, and saw 10 of its levels.

You collected 661 gold pieces.

Inventory:

Hand Weapons
 j - a +2 dagger of speed (weapon)
 q - a +0 blowgun
Missiles
 a - a throwing net
 e - 303 stones (quivered)
 r - 24 poisoned needles
Armour
 b - a +0 scale mail (worn)
 c - a +0 shield (worn)
 G - a +0 buckler
Jewellery
 x - a +4 ring of strength (left hand)
 z - a ring of resist corrosion (right hand)
Wands
 g - a wand of polymorph (12)
 u - a wand of acid (14)
 C - a wand of paralysis (6)
 I - a wand of disintegration (15)
Scrolls
 d - a scroll of holy word {unknown}
 h - 5 scrolls of amnesia {unknown}
 i - 5 scrolls of identify
 k - 2 scrolls of immolation {unknown}
 t - 4 scrolls of fear {unknown}
 v - 2 scrolls of magic mapping {unknown}
 w - 3 scrolls of teleportation {unknown}
 y - 2 scrolls of remove curse {unknown}
 A - 2 scrolls of enchant weapon {unknown}
 B - 2 scrolls of fog {unknown}
 K - a scroll of blinking {unknown}
 M - a scroll of noise {unknown}
Potions
 l - a potion of cancellation
 m - a potion of heal wounds {unknown}
 n - a potion of haste {unknown}
 o - 3 potions of flight
 p - 5 potions of curing
 s - 2 potions of mutation
 D - a potion of berserk rage {unknown}
 E - a potion of magic {unknown}
 F - a potion of brilliance {unknown}
 H - a potion of ambrosia {unknown}
 N - a potion of degeneration {unknown}
 O - a potion of lignification {unknown}
Comestibles
 f - 10 rations
 L - 4 chunks of flesh


   Skills:
 + Level 5.4 Fighting
 - Level 10.0 Short Blades
 + Level 4.9 Armour
 - Level 10.3 Stealth
 - Level 2.6 Shields
 * Level 1.6 Invocations


You had 9 spell levels left.
You didn't know any spells.
Your spell library contained the following spells:

 Spells                   Type           Power        Failure   Level  Hunger
 Corona                   Hex            #......      99%         1    ##.....
 Sandblast                Erth           #.....       99%         1    ##.....
 Sting                    Conj/Pois      #...         99%         1    ##.....
 Ensorcelled Hibernation  Hex/Ice        #.....       100%        2    ###....
 Passwall                 Tmut/Erth      #.......     100%        2    ###....
 Poisonous Vapours        Pois/Air       #.....       100%        2    ###....
 Confuse                  Hex            #.......     100%        3    ####...
 Dazzling Spray           Conj/Hex       #.....       100%        3    ####...
 Mephitic Cloud           Conj/Pois/Air  #.......     100%        3    ####...
 Stone Arrow              Conj/Erth      #.....       100%        3    ####...
 Tukima's Dance           Hex            #.......     100%        3    ####...
 Olgreb's Toxic Radiance  Pois           #.......     100%        4    #####..
 Petrify                  Tmut/Erth      #.......     100%        4    #####..
 Lee's Rapid Deconstruct  Erth           #.........   100%        5    ######.
 Venom Bolt               Conj/Pois      #.........   100%        5    ######.


Dungeon Overview and Level Annotations

Branches:
Dungeon (9/15)             Temple (1/1) D:7
   Lair: D:8-11         Orc: D:9-12

Altars:
Ashenzari
Cheibriados
Dithmenos
Elyvilon
Fedhas
Gozag
Hepliaklqana
Kikubaaqudgha
Makhleb
Nemelex Xobeh
Okawaru
Qazlal
Sif Muna
Trog
Uskayaw
Vehumet
Wu Jian
Xom
Yredelemnul
The Shining One

Shops:
D:8 (


Innate Abilities, Weirdness & Mutations

You have razor-sharp teeth.
Your natural rate of healing is unusually fast.
When hurt, damage is shared between your health and your magic reserves.
Your bite disrupts and absorbs the magic of your enemies.
Potions cannot restore your health.
You are immune to rotting.


Message History

The swamp worm is lightly wounded.
The swamp worm bites you!!
* * * LOW HITPOINT WARNING * * *
The swamp worm is engulfed in noxious fumes.
The swamp worm appears confused.
The swamp worm is engulfed in noxious fumes.
The swamp worm throws harpoon shot at you.
You block the harpoon shot.
The swamp worm is engulfed in noxious fumes.
The swamp worm is engulfed in noxious fumes.
The swamp worm throws harpoon shot at you.
You block the harpoon shot.
You can no longer pass through a line of other dancers.
The swamp worm throws harpoon shot at you.
You block the harpoon shot.
The swamp worm throws harpoon shot at you.
You block the harpoon shot.
The swamp worm throws harpoon shot at you.
The harpoon shot hits you!!
You die...

..........# #
#............#
#.............
#..........####
#..#######.#
#..#######.################
#..........................
#............^.............
#...w.....@.############...
#.########..# #...
#.###≈≈≈≈≈≈≈############...
#..≈≈≈≈≈≈≈≈≈≈≈.............
#.≈≈≈#######≈≈≈............
#.≈≈P#≈≈≈≈≈##≈≈.########...
#.≈≈P≈≈≈≈≈≈ #≈≈............
#.†w≈#≈≈≈≈≈##≈≈............
#.≈≈≈#######≈≈≈.###########


You could see a swamp worm.

Vanquished Creatures
  A two-headed ogre (D:8)
  Pikel (D:6)
  Prince Ribbit (D:7)
  Eustachio (D:4)
  A hungry ghost (D:7)
  3 swamp worms (D:9)
  Duvessa (D:7)
  3 eyes of draining (D:7)
  An orc warrior (D:7)
  2 sky beasts (D:8)
  A phantom (D:7)
  4 centaurs
  5 ogres
  2 big kobolds (D:7)
  Blork the orc (D:6)
  A gnoll sergeant (D:9)
  Dowan (D:7)
  2 bullfrogs
  3 scorpions
  4 wights (D:9)
  2 crimson imps
  2 howler monkeys
  A bullfrog zombie (D:8)
  3 hounds
  A jelly (D:5)
  5 orc priests
  2 orc wizards
  A bullfrog skeleton (D:4)
  3 iguanas
  5 worker ants
  A worker ant zombie (D:8)
  9 gnolls
  7 adders
  A shadow imp (D:6)
  3 oozes
  2 adder zombies
  4 worms
  A dart slug (D:2)
  3 leopard geckos
  27 orcs
  A ball python (D:3)
  15 bats
  3 giant cockroaches
  6 goblins
  7 hobgoblins
  8 jackals
  2 quokkas
  3 frilled lizards
  A jackal skeleton (D:6)
  A jackal zombie (D:7)
  14 kobolds
  A leopard gecko zombie (D:8)
  4 rats
  A plant (D:9)
189 creatures vanquished.

Vanquished Creatures (others)
  A slave (D:6)
  A worker ant (D:6)
  2 plants (D:9)
4 creatures vanquished.

Grand Total: 193 creatures vanquished

Notes
Turn   | Place    | Note
-------+----------+-------------------------------------------
     0 | D:1      | Murks the Vine Stalker Fighter began the quest for the Orb.
     0 | D:1      | Reached XP level 1. HP: 11/11 MP: 2/2
   113 | D:1      | Reached skill level 1 in Stealth
   147 | D:1      | Reached XP level 2. HP: 15/16 MP: 3/3
   651 | D:1      | Reached XP level 3. HP: 16/19 MP: 4/4
   996 | D:2      | Gained mutation: Your natural rate of healing is unusually
                  | fast. [Vine Stalker growth]
   996 | D:2      | Reached XP level 4. HP: 22/23 MP: 5/5
  1203 | D:3      | Reached XP level 5. HP: 27/27 MP: 6/6
  1345 | D:3      | Found a deep blue altar of Sif Muna.
  1593 | D:3      | Found a basalt altar of Yredelemnul.
  1597 | D:3      | Found an iron altar of Okawaru.
  1721 | D:3      | Found a faded altar of an unknown god.
  1773 | D:3      | Found a hazy altar of Hepliaklqana.
  2302 | D:4      | Reached skill level 5 in Stealth
  2302 | D:4      | Reached XP level 6. HP: 16/32 MP: 3/7
  2350 | D:4      | Found a shadowy altar of Dithmenos.
  2370 | D:4      | Found a sparkling altar of Nemelex Xobeh.
  2879 | D:4      | Noticed Eustachio
  3012 | D:4      | Killed Eustachio
  3012 | D:4      | Reached skill level 5 in Short Blades
  3012 | D:4      | Reached XP level 7. HP: 32/35 MP: 8/8
  3142 | D:5      | Entered Level 5 of the Dungeon
  3188 | D:5      | Found a snail-covered altar of Cheibriados.
  3544 | D:5      | Gained mutation: You have razor-sharp teeth. [Vine Stalker
                  | growth]
  3544 | D:5      | Reached XP level 8. HP: 39/39 MP: 9/9
  4375 | D:6      | Noticed Blork the orc
  4382 | D:6      | Killed Blork the orc
  4429 | D:6      | Noticed Pikel
  4459 | D:6      | Killed Pikel
  4646 | D:7      | Reached skill level 10 in Stealth
  4646 | D:7      | Reached XP level 9. HP: 42/43 MP: 10/10
  4955 | D:7      | Noticed Prince Ribbit
  4967 | D:7      | Killed Prince Ribbit
  5026 | D:7      | Found a staircase to the Ecumenical Temple.
  5135 | D:7      | Noticed Duvessa
  5136 | D:7      | Noticed Dowan
  5160 | D:7      | Killed Duvessa
  5293 | D:7      | Killed Dowan
  5397 | D:7      | Found a bloodstained altar of Trog.
  5683 | D:8      | Found a shattered altar of Ashenzari.
  5695 | D:8      | Noticed a two-headed ogre
  5755 | D:8      | Killed a two-headed ogre
  5755 | D:8      | Reached XP level 10. HP: 47/51 MP: 11/11
  5957 | Temple   | Entered the Ecumenical Temple
  6001 | Temple   | Became a worshipper of Uskayaw the Reveler
  6042 | D:8      | Reached * piety under Uskayaw
  6044 | D:8      | Reached ** piety under Uskayaw
  6128 | D:8      | Reached skill level 5 in Fighting
  6168 | D:8      | Found Nyvewn's Antique Weapon Shoppe.
  6245 | D:8      | Reached *** piety under Uskayaw
  7435 | D:9      | Reached skill level 10 in Short Blades
  7542 | D:9      | Reached skill level 1 in Invocations
  7560 | D:9      | Killed from afar by a swamp worm

Skill      XL: |  1  2  3  4  5  6  7  8  9 10 |
---------------+-------------------------------+-----
Short Blades   | 2 3 4 5 7 9 10 | 10.0
Stealth        | 1 2 3 4 5 6 7 10 | 10.3
Fighting       | 4 5 |  5.4
Armour         | 4 |  4.9
Invocations    | 1 |  1.6
Shields        | |  2.6

Action                   |  1- 3 |  4- 6 |  7- 9 | 10-12 || total
-------------------------+-------+-------+-------+-------++-------
Melee: Rapier            |    33 |       |       |       ||    33
       Bite              |    26 |    69 |   159 |    70 ||   324
       Dagger            |    81 |   221 |   332 |   138 ||   772
 Fire: Blowgun           |       |    25 |     7 |       ||    32
Invok: Line Pass         |       |       |       |     2 ||     2
       Stomp             |       |       |       |     1 ||     1
Evoke: Wand              |       |       |     1 |     1 ||     2
  Use: Scroll            |       |     2 |     6 |       ||     8
       Potion            |       |     1 |     1 |       ||     2
 Stab: Sleeping          |       |     1 |    11 |     5 ||    17
       Confused          |       |       |       |     4 ||     4
       Paralysed         |       |       |       |     1 ||     1
  Eat: Chunk             |       |     7 |     7 |     4 ||    18
       Ration            |       |       |     1 |     1 ||     2
Armor: Scale mail        |    45 |    70 |    29 |    16 ||   160
Dodge: Dodged            |    18 |    43 |    46 |    18 ||   125
Block: Shield            |    53 |    83 |    86 |    26 ||   248
